 Dungeon Crawl Stone Soup version 0.20.1-1-g8b1a95d (webtiles) character file.

82 polve the Poker (level 4, -6/33 HPs)
             Began as a Merfolk Skald on July 23, 2017.
             Mangled by Sigmund
             ... wielding a +0 scythe
              (13 damage)
             ... on level 3 of the Dungeon.
             The game lasted 00:04:04 (2582 turns).

polve the Poker (Merfolk Skald)                     Turns: 2582, Time: 00:04:05

Health: -6/33      AC:  3    Str: 11    XL:     4   Next: 43%
Magic:  2/7        EV: 12    Int: 13    God:
Gold:   55         SH:  0    Dex: 13    Spells: 0/7 levels left

rFire    . . .     SeeInvis .   a - +0 spear
rCold    . . .     Gourm    .   (no shield)
rNeg     . . .     Faith    .   b - +0 leather armour
rPois    .         Spirit   .   (no helmet)
rElec    .         Reflect  .   (no cloak)
rCorr    .         Harm     .   (no gloves)
MR       .....                  (no boots)
Stlth    +.........             (no amulet)
Regen    0.2/turn               (no ring)
MPRegen  0.1/turn               (no ring)

@: infused
A: change form in water, swift swim, stealthy swim
a: no special abilities


You were on level 3 of the Dungeon.
You were not hungry.

You visited 1 branch of the dungeon, and saw 3 of its levels.

You collected 55 gold pieces.

Inventory:

Hand Weapons
 a - a +0 spear (weapon)
Armour
 b - a +0 leather armour (worn)
Scrolls
 e - a scroll of identify {unknown}
 j - a scroll of amnesia {unknown}
 m - a scroll of recharging {unknown}
 n - a scroll of remove curse {unknown}
 o - a scroll of fog {unknown}
Potions
 g - a potion of mutation {unknown}
 k - a potion of heal wounds {unknown}
Books
 c - a book of Battle

   Spells                             Type                      Level
   a - Infusion                       Charms                       1
   b - Shroud of Golubria             Charms/Translocation         2
   c - Song of Slaying                Charms                       2
   d - Spectral Weapon                Hexes/Charms                 3
   e - Regeneration                   Charms/Necromancy            3
 l - a book of Maledictions

   Spells                             Type                      Level
   a - Corona                         Hexes                        1
   b - Ensorcelled Hibernation        Hexes/Ice                    2
   c - Confuse                        Hexes                        3
   d - Tukima's Dance                 Hexes                        3
   e - Dazzling Spray                 Conjuration/Hexes            3
Comestibles
 d - 2 bread rations
 f - 4 fruits
 h - a chunk of flesh
 i - a royal jelly


   Skills:
 - Level 2.1 Fighting
 + Level 4.4 Polearms
 - Level 0.6 Armour
 - Level 2.6 Dodging
 - Level 2.0 Spellcasting
 + Level 1.5 Hexes
 - Level 4.0 Charms
 + Level 1.2 Translocations


You couldn't memorise any spells.
You knew the following spells:

 Your Spells              Type           Power        Failure   Level  Hunger
a - Infusion              Chrm           ##..         6%          1    ##.....
b - Shroud of Golubria    Chrm/Tloc      #.........   17%         2    ###....
c - Spectral Weapon       Hex/Chrm       #.......     32%         3    ####...
d - Corona                Hex            #......      19%         1    ##.....


Dungeon Overview and Level Annotations

Branches:
Dungeon (3/15)

Altars:
Fedhas
Kikubaaqudgha
Okawaru
Trog
Zin

Annotations:
D:3 Sigmund


Message History

Press: ? - help, Dir - move target cursor, f/p - Sigmund
Aim: Sigmund, wielding a scythe and wearing a robe (moderately wounded, softly glowing)
You reach to attack!
You hit Sigmund!
Sigmund is heavily wounded.
Sigmund screams, "Don't try to resist!"
Sigmund hits you from afar with a scythe!
* * * LOW HITPOINT WARNING * * *
Attack whom?
Press: ? - help, Dir - move target cursor, f/p - Sigmund
Aim: Sigmund, wielding a scythe and wearing a robe (heavily wounded, softly glowing)
You reach to attack!
You closely miss Sigmund.
Sigmund is heavily wounded.
Sigmund stops glowing.
Attack whom?
Press: ? - help, Dir - move target cursor, f/p - Sigmund
Aim: Sigmund, wielding a scythe and wearing a robe (heavily wounded)
You reach to attack!
You completely miss Sigmund.
Sigmund is heavily wounded.
Sigmund hits you from afar with a scythe!
You die...

# #...#.#.# #.....#
.#...#.#.###.....#
.....#...........#
...##..###.###.....#
### #..###.# #.....#
#......# #######
##.##### #.# #@#
#.........#
#.#.(@###.#
[..#..... ...
##..### ..... ...
#... ##.# ##.# .#


You could see Sigmund.

Vanquished Creatures
  3 gnolls (D:2)
  An ooze (D:1)
  A worm (D:2)
  A dart slug (D:1)
  A leopard gecko (D:2)
  7 bats
  3 giant cockroaches
  6 goblins
  4 hobgoblins
  4 kobolds
  A quokka (D:3)
  A ball python (D:2)
  A frilled lizard (D:2)
  9 rats
43 creatures vanquished.

Notes
Turn   | Place    | Note
-------+----------+-------------------------------------------
     0 | D:1      | polve the Merfolk Skald began the quest for the Orb.
     0 | D:1      | Reached XP level 1. HP: 16/16 MP: 3/3
   297 | D:1      | Reached XP level 2. HP: 19/22 MP: 5/5
   355 | D:1      | Learned a level 2 spell: Shroud of Golubria
   870 | D:1      | Reached XP level 3. HP: 24/27 MP: 6/6
  1003 | D:1      | Learned a level 3 spell: Spectral Weapon
  1392 | D:2      | Found an iron altar of Okawaru.
  1604 | D:2      | Reached skill level 1 in Hexes
  1604 | D:2      | Reached skill level 1 in Translocations
  1663 | D:2      | Reached XP level 4. HP: 7/33 MP: 0/7
  2239 | D:2      | Found a blossoming altar of Fedhas.
  2239 | D:2      | Found an ancient bone altar of Kikubaaqudgha.
  2244 | D:2      | Found an iron altar of Okawaru.
  2246 | D:2      | Found a bloodstained altar of Trog.
  2248 | D:2      | Found a glowing silver altar of Zin.
  2503 | D:3      | Learned a level 1 spell: Corona
  2574 | D:3      | Noticed Sigmund
  2582 | D:3      | Mangled by Sigmund

Skill      XL: |  1  2  3 |
---------------+----------+-----
Charms         | 4 |  4.0
Polearms       | 4 |  4.4
Hexes          | 1 |  1.5
Translocations | 1 |  1.2
Fighting       | |  2.1
Armour         | |  0.6
Dodging        | |  2.6
Spellcasting   | |  2.0

Action                   |  1- 3 |  4- 6 || total
-------------------------+-------+-------++-------
Melee: Spear             |   118 |    44 ||   162
 Cast: Infusion          |     5 |     5 ||    10
       Shroud of Golubri |     1 |       ||     1
       Corona            |       |     2 ||     2
 Stab: Sleeping          |     2 |       ||     2
  Eat: Chunk             |     2 |     4 ||     6
Armor: Leather armour    |    17 |     7 ||    24
Dodge: Dodged            |    67 |    21 ||    88
